 Dungeon Crawl Stone Soup version 0.27.1 (webtiles) character file.

Game seed: 947188223804360890

44 nxtlvl the Chopper (level 3, -2/31 HPs)
             Began as a Draconian Berserker on Aug 23, 2021.
             Was a Follower of Trog.
             Slain by a gnoll (3 damage)
             ... on level 3 of the Dungeon.
             The game lasted 00:02:26 (339 turns).

nxtlvl the Chopper (Draconian Berserker)             Turns: 339, Time: 00:02:27

Health: -2/31      AC:  5    Str: 19    XL:     3   Next: 39%
Magic:  3/3        EV: 12    Int:  7    God:    Trog [*.....]
Gold:   35         SH:  0    Dex: 11    Spells: 2/2 levels left

rFire    + . .     SeeInvis .   a - +0 hand axe
rCold    . . .     Faith    .   (no shield)
rNeg     . . .     Spirit   .   (armour unavailable)
rPois    .         Reflect  .   (helmet restricted)
rElec    .         Harm     .   (no cloak)
rCorr    .         Rampage  .   (no gloves)
Will     .....                  (no boots)
Stlth    +.........             (no amulet)
HPRegen  0.10/turn              e - ring of protection from fire
MPRegen  0.08/turn              (no ring)

@: no status effects
A: AC +5, unfitting armour, cold-blooded
a: Renounce Religion, Berserk


You were on level 3 of the Dungeon.
You worshipped Trog.
Trog was aware of your devotion.
You visited 1 branch of the dungeon, and saw 3 of its levels.

You collected 35 gold pieces.

Inventory:

Hand Weapons
 a - a +0 hand axe (weapon)
Jewellery
 e - a ring of protection from fire (left hand)
Scrolls
 b - a scroll of fear {unknown}
 c - a scroll of teleportation {unknown}
 f - a scroll of enchant armour {unknown}
Potions
 d - a potion of brilliance {unknown}
 g - a potion of attraction {unknown}


   Skills:
 - Level 3.2 Fighting
 * Level 4.5 Axes
 - Level 2.6 Dodging


You had 2 spell levels left.
You didn't know any spells.
Your spell library was empty.

Dungeon Overview and Level Annotations

Branches:
Dungeon (3/15)

Altars:
Vehumet


Innate Abilities, Weirdness & Mutations

Your plain brown scales are hard. (AC +5)
You cannot fit into any form of body armour.
You are cold-blooded and may be slowed by cold attacks.


Message History

You see here a +0 spear.
You see here a worm corpse.
You recover from your berserk rage.
A gnoll comes into view. It is wielding a +0 spear.
The gnoll shouts!
There is an open door here.
You see here an adder corpse.
You hit the gnoll but do no damage. The gnoll misses you.
You barely miss the gnoll. The gnoll barely misses you.
You hit the gnoll.
The gnoll is lightly wounded.
The gnoll hits you with a +0 spear.
You barely miss the gnoll. You tail-slap the gnoll.
The gnoll is heavily wounded.
The gnoll closely misses you.
You slash the gnoll!
You kill the gnoll!
Trog accepts your kill.
Things that are here:
a +0 spear; a gnoll corpse You see here an adder corpse.
You see here a worm corpse. 2 gnolls come into view.
The gnoll shouts! x2
There is an open door here.
You hit the gnoll but do no damage. The gnoll misses you.
You hit the gnoll.
The gnoll is heavily wounded.
The gnoll barely misses you. The gnoll hits you with a +0 spear.
The gnoll misses you.
You hit the gnoll but do no damage. You hit the gnoll.
The gnoll hits you with a +0 spear. The gnoll hits you with a +0 club.
You hit the gnoll but do no damage. You hit the gnoll.
The gnoll hits you with a +0 spear. The gnoll hits you with a +0 club!
* * * LOW HITPOINT WARNING * * *
You hit the gnoll but do no damage. You barely miss the gnoll.
The gnoll misses you. The gnoll hits you with a +0 club.
* * * LOW HITPOINT WARNING * * *
The gnoll hits you with a +0 spear.
You die...

....###
#._.#.....######... ....#
#...#.###.# #... ....#
#####.#...# ##.#
#....########..#
###))..#.......# #.##
#.††#.#####....#
....>####.###.# ###...
#.....gg#.....# #.....
##@'#####....###.##
####....># #######.##
###....#.#.## #........
#####...##...#..#
##....###
...........####.######..##
#######.................#
##.######.######...... #.#
#..# ##.#... #.# ##.#
#.####


You could see 2 gnolls.

Vanquished Creatures
  2 gnolls (D:3)
  An adder (D:3)
  A worm (D:3)
  2 ball pythons
  3 endoplasms
  A hobgoblin (D:2)
  A kobold (D:3)
  A quokka (D:3)
  2 frilled lizards
14 creatures vanquished.

Notes
Turn   | Place    | Note
-------+----------+-------------------------------------------
     0 | D:1      | nxtlvl the Draconian Berserker began the quest for the Orb.
     0 | D:1      | Reached XP level 1. HP: 19/19 MP: 1/1
   175 | D:3      | Reached XP level 2. HP: 26/26 MP: 2/2
   265 | D:3      | Reached skill level 4 in Axes
   267 | D:3      | Reached XP level 3. HP: 31/31 MP: 3/3
   276 | D:3      | Found a radiant altar of Vehumet.
   339 | D:3      | HP: 1/31 [gnoll (2)]
   339 | D:3      | Slain by a gnoll

Illustrated notes

Levels and vault maps discovered:
D:1:      dpeg_arrival_round_b, layout_basic
D:2:      layout_basic
D:3:      layout_rooms, mainiacjoe_overflow_swirl,
          shapermc_ecumenical_altar_pompeii, minmay_misc_feat_iff

Skill      XL: |  1  2 |
---------------+-------+-----
Axes           | 4 |  4.5
Fighting       | |  3.2
Dodging        | |  2.6

Action                   || total
-------------------------++-------
Melee: Hand axe          ||    39
       Tailslap          ||     4
Invok: Berserk           ||     2
Armor: Skin              ||     8
Dodge: Dodged            ||    22
